 Dungeon Crawl Stone Soup version 0.22-a0-231-g1b571ea (webtiles) character file.

50 ninurtach the Sneak (level 3, -3/16 HPs)
             Began as a Spriggan Enchanter on Feb 20, 2018.
             Slain by a hobgoblin (5 damage)
             ... on level 2 of the Dungeon.
             The game lasted 00:07:31 (3613 turns).

ninurtach the Sneak (Spriggan Enchanter)            Turns: 3613, Time: 00:07:31

Health: -3/16      AC:  2    Str:  4    XL:     3   Next: 55%
Magic:  2/8        EV: 19    Int: 17    God:
Gold:   91         SH:  0    Dex: 16    Spells: 2/8 levels left

rFire    . . .     SeeInvis +   j - -3 dagger (curse)
rCold    . . .     Gourm    .   (shield restricted)
rNeg     . . .     Faith    .   b - +0 robe
rPois    .         Spirit   .   (helmet restricted)
rElec    .         Reflect  .   (no cloak)
rCorr    .         Harm     .   (gloves unavailable)
MR       .....                  (boots unavailable)
Stlth    +++.......             (no amulet)
HPRegen  0.05/turn              (no ring)
MPRegen  0.11/turn              (no ring)

@: very quick
A: very small, unfitting armour, see invisible, herbivore, speed 3, slow
metabolism 2
a: no special abilities


You were on level 2 of the Dungeon.
You were not hungry.

You visited 1 branch of the dungeon, and saw 2 of its levels.

You collected 91 gold pieces.

Inventory:

Hand Weapons
 a - a +1 dagger
 e - a -2 spear
 h - a -3 dagger
 j - a cursed -3 dagger (weapon)
Armour
 b - a +0 robe (worn)
Scrolls
 d - a scroll of teleportation {unknown}
 g - a scroll of blinking
 k - a scroll of immolation {unknown}
 l - 2 scrolls of identify
Potions
 f - 2 potions of degeneration
Comestibles
 c - a ration


   Skills:
 - Level 1.1 Short Blades
 + Level 3.7 Dodging
 + Level 5.1 Stealth
 + Level 3.2 Spellcasting
 * Level 4.5 Hexes


You had 2 spell levels left.
You knew the following spells:

 Your Spells              Type           Power        Failure   Level  Hunger
a - Corona                Hex            ###....      2%          1    None
b - Ensorcelled Hibernat  Hex/Ice        ##....       11%         2    ##.....
c - Confuse               Hex            ###.....     8%          3    ###....


Dungeon Overview and Level Annotations

Branches:
Dungeon (2/15)

Altars:
Nemelex Xobeh


Innate Abilities, Weirdness & Mutations

You are very small and have problems with some larger weapons.
You are too small for most types of armour.
You have supernaturally acute eyesight. (SInv)
You are a herbivore.
You cover ground extremely quickly.
You need consume almost no food.


Message History

You are too injured to fight recklessly!
You are too injured to fight recklessly!
You barely miss the hobgoblin. The hobgoblin hits you.
* * * LOW HITPOINT WARNING * * *
You take 2 damage, and have 3/16 hp.
You hit the hobgoblin. The hobgoblin closely misses you.
You hit the hobgoblin but do no damage. The hobgoblin barely misses you.
You hit the hobgoblin but do no damage. The hobgoblin closely misses you.
You hit the hobgoblin but do no damage. The hobgoblin barely misses you.
You closely miss the hobgoblin. The hobgoblin completely misses you.
You barely miss the hobgoblin. The hobgoblin misses you.
You hit the hobgoblin. The hobgoblin misses you.
You barely miss the hobgoblin. The hobgoblin misses you.
You hit the hobgoblin but do no damage. The hobgoblin hits you.
* * * LOW HITPOINT WARNING * * *
You take 2 damage, and have 2/16 hp.
You hit the hobgoblin.
The hobgoblin drinks a potion.
The hobgoblin is healed!
You barely miss the hobgoblin. The hobgoblin completely misses you.
You barely miss the hobgoblin. The hobgoblin hits you.
You die...

#...†.............
######..............#
#..............#
#..............#
#.............##
###.⌠.⌠........#
#.._.........#
##⌠.⌠........#
##......@...#
#.....g†...#
##........##
##......## ########


You could see a hobgoblin.

Vanquished Creatures
  An adder (D:2)
  A leopard gecko (D:1)
  5 bats
  3 giant cockroaches
  6 goblins (D:1)
  A hobgoblin (D:1)
  8 jackals (D:1)
  A quokka (D:2)
  3 frilled lizards
  2 kobolds (D:1)
  5 rats
36 creatures vanquished.

Notes
Turn   | Place    | Note
-------+----------+-------------------------------------------
     0 | D:1      | ninurtach the Spriggan Enchanter began the quest for the Orb.
     0 | D:1      | Reached XP level 1. HP: 9/9 MP: 5/5
   463 | D:1      | Reached XP level 2. HP: 10/13 MP: 6/6
   467 | D:1      | Learned a level 2 spell: Ensorcelled Hibernation
  2440 | D:1      | Reached XP level 3. HP: 10/16 MP: 0/8
  3040 | D:2      | Found a sparkling altar of Nemelex Xobeh.
  3045 | D:2      | Learned a level 3 spell: Confuse
  3059 | D:2      | Reached skill level 5 in Stealth
  3613 | D:2      | Slain by a hobgoblin

Vault maps used:
D:1:      onia_arrival_mini_maze
D:2:      nemelex_xobeh_ov_fountains_minmay, kennysheep_generic_room_11

Skill      XL: |  1  2  3 |
---------------+----------+-----
Hexes          | 4 |  4.5
Spellcasting   | 3 |  3.2
Stealth        | 5 |  5.1
Short Blades   | |  1.1
Dodging        | |  3.7

Action                   || total
-------------------------++-------
Melee: Spear             ||   195
       Dagger            ||   122
 Cast: Ensorcelled Hiber ||    31
  Use: Scroll            ||     5
       Potion            ||     1
 Stab: Sleeping          ||    24
       Distracted        ||     1
  Eat: Ration            ||     2
Armor: Robe              ||    34
Dodge: Dodged            ||   332

Table legend:
 A = Spawn XP
 B = Non-spawn XP
 C = Spawn XP percentage of total XP
 D = Spawn monster count
 E = Non-spawn monster count
 F = Spawn count percentage of total count
 G = Total turns spent on level
                    A         B        C        D         E        F      G
               +---------+---------+-------+---------+---------+-------+---------
         Total |       0 |      72 |   0.0 |       0 |      36 |   0.0 |  3613
               +---------+---------+-------+---------+---------+-------+---------
           D:1 |       0 |      49 |   0.0 |       0 |      29 |   0.0 |  3334
           D:2 |       0 |      23 |   0.0 |       0 |       7 |   0.0 |   279
               +---------+---------+-------+---------+---------+-------+---------
